 Dungeon Crawl Stone Soup version 0.19-a0-1025-g778f431 (console) character file.

3777 brucemayne the Cleaver (level 9, 0/69 HPs)
             Began as a Vampire Berserker on July 28, 2016.
             Was a Priest of Trog.
             Hit by a stone thrown by a big kobold (5 damage)
             ... on level 11 of the Dungeon.
             The game lasted 00:15:12 (3227 turns).

brucemayne the Cleaver (Vampire Berserker)          Turns: 3227, Time: 00:15:13

Health: 0/69       AC:  0    Str: 19    XL:     9   Next: 95%
Magic:  9/9        EV:  7    Int: 10    God:    Trog [***...]
Gold:   540        SH:  0    Dex: 13    Spells: 0 memorised, 8 levels left

rFire  . . .     SeeInvis +     A - +0 war axe
rCold  + . .     Gourm    .     m - +0 plate armour
rNeg   + + .     Faith    .     (no shield)
rPois  +         Spirit   .     h - +2 helmet
rElec  .         Dismiss  .     (no cloak)
rCorr  .         Reflect  .     (no gloves)
SustAt +         Harm     .     (no boots)
MR     .....                    (no amulet)
Stlth  ..........               (no ring)
                                i - ring of sustain attributes

@: exhausted, corroded, regenerating slowly, slowed, very slow, not resistant to
hostile enchantments, extremely unstealthy
A: fangs 3, see invisible, unbreathing
a: Bat Form, Berserk, Trog's Hand, Burn Spellbooks, Renounce Religion


You were on level 11 of the Dungeon.
You worshipped Trog.
Trog was most pleased with you.
You were thirsty.

You visited 2 branches of the dungeon, and saw 12 of its levels.
You also visited: Ossuary.

You collected 540 gold pieces.

Inventory:

Hand Weapons
 a - a +0 hand axe
 d - a +1 vampiric dagger
 f - a +1 vampiric scythe
 k - a +0 trident of protection
 A - a +0 war axe (weapon)
Armour
 b - a +0 animal skin
 e - a +0 chain mail
 h - a +2 helmet (worn)
 l - a +0 shield
 m - a +0 plate armour (worn)
Rods
 q - a -1 lightning rod (11/11)
   (You found it on level 8 of the Dungeon)
Jewellery
 i - a ring of sustain attributes (left hand)
Wands
 c - a wand of random effects (4/48)
 j - a wand of random effects (10/48)
Scrolls
 n - 2 scrolls of remove curse
 r - 2 scrolls of teleportation {unknown}
 t - a scroll of torment {unknown}
 v - 2 scrolls of identify
 x - a scroll of immolation {unknown}
 y - a scroll of magic mapping {unknown}
 z - a scroll of enchant armour {unknown}
Potions
 g - a potion of curing
 o - 2 potions of magic
 p - a potion of resistance {unknown}
 s - a potion of berserk rage {unknown}
 u - 2 potions of lignification {unknown}
 w - 2 potions of might {unknown}


   Skills:
 + Level 5.7 Fighting
 - Level 11.1 Axes
 + Level 4.3 Armour
 - Level 3.6 Dodging
 - Level 0.9 Stealth


You had 8 spell levels left.
You didn't know any spells.

Dungeon Overview and Level Annotations

Branches:
Dungeon (11/15)            Temple (1/1) D:5
   Lair: D:8-11         Orc: D:9-12

Altars:
Cheibriados
Dithmenos
Elyvilon
Fedhas
Gozag
Hepliaklqana
Kikubaaqudgha
Makhleb
Nemelex Xobeh
Okawaru
Qazlal
Trog
Vehumet
Xom
Yredelemnul
Zin
The Shining One

Shops:
D:7 =[   D:11 }

Annotations:
D:6 Rationalist's ghost, novice MiFi


Innate Abilities, Weirdness & Mutations

You heal slowly.
You have razor-sharp teeth.
You have supernaturally acute eyesight. (SInv)
You can survive without breathing.


Message History

The kobold demonologist hits you with a dagger.
* * * LOW HITPOINT WARNING * * *
Your plate armour prevents you from hitting the kobold demonologist.
You bite the kobold demonologist, but do no damage.
The kobold demonologist is almost dead.
You closely miss the shadow imp. The shadow imp hits you.
* * * LOW HITPOINT WARNING * * *
The kobold demonologist hits you with a dagger.
* * * LOW HITPOINT WARNING * * *
The shadow imp hits you.
* * * LOW HITPOINT WARNING * * *
You slash the kobold demonologist!
You kill the kobold demonologist!
Trog accepts your kill.
Trog appreciates your killing of a magic user.
The shadow imp disappears in a puff of smoke!
The chaos spawn degenerates into a cloud of primal chaos!
The white imp disappears in a puff of smoke!
The big kobold throws a stone.
The stone hits you.
You die...

# #.##.#
#.#.##)##.#
#......<#.###
........))..>#####
.∩.<.#.#........(#
.#...#.#.#.#####.#
#.. ....#... #.#
#. ##...##### #§#
.. +...+ #@# #...#
#)# .....


§KK §#.## ..#.# .. #.# ... #.# ..# #.# You could see a big kobold and a kobold.

Vanquished Creatures
  3 kobold demonologists (D:11)
  Sigmund (D:6)
  A steam dragon (D:10)
  Menkaure (D:7)
  A water moccasin (D:5)
  An orc warrior (D:11)
  Duvessa (D:5)
  2 centaurs
  2 crocodiles
  5 giant frogs
  A gnoll sergeant (D:7)
  Dowan (D:5)
  9 killer bees
  7 wights
  3 crimson imps
  A quasit (D:8)
  3 orc priests
  2 giant frog skeletons
  2 hounds
  3 orc wizards
  A worker ant (D:5)
  A hound skeleton (D:5)
  8 mummies (Ossuary)
  2 worker ant zombies
  6 gnolls
  5 adders
  A shadow imp (D:7)
  2 giant geckos
  19 orcs
  10 bats
  A giant cockroach (D:5)
  A goblin (D:2)
  4 jackals (D:10)
  2 quokkas
  A giant newt (D:7)
  2 gnoll zombies (Ossuary)
  2 hobgoblin zombies (Ossuary)
  2 kobolds (D:11)
  2 kobold zombies (Ossuary)
  2 orc zombies (Ossuary)
  A quokka zombie (D:6)
125 creatures vanquished.

Vanquished Creatures (others)
  A scorpion (D:6)
  A killer bee (D:7)
  An iguana (D:2)
3 creatures vanquished.

Grand Total: 128 creatures vanquished

Notes
Turn   | Place    | Note
-------+----------+-------------------------------------------
     0 | D:1      | brucemayne the Vampire Berserker began the quest for the Orb.
     0 | D:1      | Reached XP level 1. HP: 17/17 MP: 1/1
   140 | D:2      | Killed an iguana
   168 | D:3      | Noticed a giant frog
   173 | D:3      | Killed a giant frog
   173 | D:3      | Reached skill level 3 in Axes
   173 | D:3      | Reached XP level 2. HP: 24/24 MP: 2/2
   173 | D:3      | Reached XP level 3. HP: 29/29 MP: 3/3
   218 | D:3      | Reached XP level 4. HP: 35/35 MP: 4/4
   283 | D:4      | Found a stormy altar of Qazlal.
   336 | D:5      | Entered Level 5 of the Dungeon
   417 | D:5      | Reached XP level 5. HP: 36/42 MP: 5/5
   419 | D:5      | Reached ** piety under Trog
   420 | D:5      | Reached skill level 4 in Axes
   500 | D:5      | Noticed Duvessa
   500 | D:5      | Noticed Dowan
   510 | D:5      | Killed Duvessa
   510 | D:5      | Reached XP level 6. HP: 48/48 MP: 6/6
   517 | D:5      | Killed Dowan
   596 | D:5      | Found a staircase to the Ecumenical Temple.
   631 | Temple   | Entered the Ecumenical Temple
   689 | D:5      | Noticed a water moccasin
   696 | D:5      | Killed a water moccasin
   696 | D:5      | Reached skill level 5 in Axes
   696 | D:5      | Reached XP level 7. HP: 55/55 MP: 7/7
   936 | D:5      | Noticed Sigmund
   955 | D:6      | Killed Sigmund
   955 | D:6      | Reached skill level 6 in Axes
  1116 | D:6      | Noticed Rationalist's ghost (novice MiFi)
  1295 | D:6      | Reached skill level 7 in Axes
  1461 | D:7      | Reached XP level 8. HP: 10/61 MP: 8/8
  1476 | D:7      | Found Miorar's Jewellery Shop.
  1478 | D:7      | Found a radiant altar of Vehumet.
  1600 | D:7      | Found a burning altar of Makhleb.
  1722 | D:7      | Reached skill level 8 in Axes
  1762 | D:7      | Found Dike Zodgh's Antique Armour Boutique.
  1973 | D:7      | Noticed Menkaure
  1982 | D:7      | Killed Menkaure
  1982 | D:7      | Reached skill level 9 in Axes
  2122 | D:7      | Found a sparkling altar of Nemelex Xobeh.
  2191 | D:8      | Reached XP level 9. HP: 58/66 MP: 9/9
  2251 | D:8      | Reached skill level 10 in Axes
  2286 | D:8      | Found a sand-covered staircase.
  2296 | Ossuary  | Entered an ossuary
  2623 | D:8      | Found an opulent altar of Gozag.
  2623 | D:8      | Found an ancient bone altar of Kikubaaqudgha.
  2910 | D:10     | Entered Level 10 of the Dungeon
  2923 | D:10     | Reached *** piety under Trog
  3109 | D:11     | Found Itirachagye's Gadget Shop.
  3118 | D:11     | Reached skill level 11 in Axes
  3166 | D:11     | Noticed a kobold demonologist
  3171 | D:11     | Noticed a kobold demonologist
  3174 | D:11     | Noticed an ice devil
  3175 | D:11     | Noticed a soul eater
  3180 | D:11     | Noticed a rust devil
  3183 | D:11     | Noticed a hellwing
  3195 | D:11     | Killed a kobold demonologist
  3195 | D:11     | Reached skill level 5 in Fighting
  3204 | D:11     | Noticed an orange demon
  3204 | D:11     | Killed a kobold demonologist
  3208 | D:11     | Noticed a kobold demonologist
  3219 | D:11     | Noticed a sun demon
  3227 | D:11     | Killed a kobold demonologist
  3227 | D:11     | Hit by a stone thrown by a big kobold

Vault maps used:
D:1:      dpeg_arrival_ternary
D:2:      lemuel_doored_altar, gammafunk_temple_overflow_elements, first_bread,
          gammafunk_pakellas_statue_experiment
D:3:      nicolae_ashenzari_panopticon, minmay_box_of_dots, uniq_jessica
D:4:      old_standard_altar, minmay_splitting_lines, grunt_qazlal_clouds
D:5:      kennysheep_spiral_hall, goddamned_bats, uniq_sigmund,
          uniq_prince_ribbit1, uniq_duvessa
D:7:      vehumet_crystals, kennysheep_little_box,
          nemelex_xobeh_ov_fountains_minmay, serial_shops, kennysheep_mini_moat,
          shop, shop, uniq_menkaure
D:8:      gammafunk_temple_overflow_statue, enter_ossuary_1, david_nohive_1
D:9:      lair_0_dummy, orc_0_dummy, lightli_church_of_beogh
D:10:     hangedman_abyss_or_decor_passed, stair_cage_line, grunt_ministairs_6
D:11:     minmay_chopped_fan, serial_shops, shop, minmay_misc_feat_square
Temple:   minmay_temple_bridge_abc
Ossuary:  ossuary_tomb_3

Skill      XL: |  1  2  3  4  5  6  7  8  9 |
---------------+----------------------------+-----
Fighting       | 3 4 5 |  5.7
Axes           | 3 4 5 7 9 11 | 11.1
Armour         | 2 4 |  4.3
Dodging        | 3 |  3.6
Stealth        | |  0.9

Action                   |  1- 3 |  4- 6 |  7- 9 || total
-------------------------+-------+-------+-------++-------
Melee: Hand axe          |    17 |    95 |   418 ||   530
       Bite              |     4 |     9 |    66 ||    79
       War axe           |       |       |   105 ||   105
Invok: Berserk           |     1 |     5 |     7 ||    13
       Trog's Hand       |       |     2 |    10 ||    12
 Abil: End Transformatio |       |       |     3 ||     3
       Bat Form          |       |       |     3 ||     3
Evoke: Wand              |       |       |    13 ||    13
  Use: Potion            |     1 |     9 |    19 ||    29
       Scroll            |       |     2 |     1 ||     3
 Stab: Invisible         |       |     2 |       ||     2
Armor: Animal skin       |     7 |       |       ||     7
       Chain mail        |     5 |    78 |   249 ||   332
       Plate armour      |       |       |    21 ||    21
Dodge: Dodged            |    11 |    62 |   237 ||   310
